 Dungeon Crawl Stone Soup version 0.18-a0-5-gf1fb587 (webtiles) character file.

103 Nopony the Magician (level 4, -1/24 HPs)
             Began as a Deep Elf Wizard on Oct 31, 2015.
             Was an Initiate of Ru.
             Slain by Crazy Yiuf
             ... wielding a +2 quarterstaff of chaos
              (3 damage)
             ... on level 2 of the Dungeon.
             The game lasted 00:21:25 (1973 turns).

Nopony the Magician (Deep Elf Wizard)               Turns: 1973, Time: 00:21:26

Health: -1/24      AC:  3    Str:  9    XL:     4   Next: 51%
Magic:  1/14       EV: 12    Int: 24    God:    Ru [......]
Gold:   48         SH:  0    Dex: 13    Spells: 4 memorised, 6 levels left

rFire  . . .     SeeInvis .     (no weapon)
rCold  . . .     Clarity  .     a - +1 robe
rNeg   . . .     SustAt   .     (no shield)
rPois  .         Gourm    .     b - +0 hat
rElec  .         Spirit   .     (no cloak)
rCorr  .         Warding  .     (no gloves)
rMut   .         Stasis   .     (no boots)
MR     .....                    (no amulet)
Stlth  ++........               (no ring)
                                (no ring)

@: mighty, about to teleport, very slightly contaminated, not resistant to
hostile enchantments, unstealthy
A: no striking features
a: Renounce Religion


You were on level 2 of the Dungeon.
You worshipped Ru.
Ru was noncommittal.
You were full.

You visited 1 branch of the dungeon, and saw 2 of its levels.

You collected 48 gold pieces.

Inventory:

Hand Weapons
 i - a +0 short sword
 m - a cursed -2 mace
 o - a +0 scimitar
 s - a +0 halberd
Missiles
 e - 81 stones (quivered)
 f - 11 poisoned needles
 j - 10 steel bolts
 p - 11 arrows
 r - 27 bolts
Armour
 a - a +1 robe (worn)
 b - a +0 hat (worn)
 h - a +0 ring mail
 k - a +0 ring mail
 l - a +0 leather armour
 q - a +0 robe
Wands
 g - a wand of teleportation (2)
Books
 c - a book of Minor Magic

   Spells                             Type                      Level
   a - Magic Dart                     Conjuration                  1
   b - Blink                          Translocation                2
   c - Call Imp                       Summoning                    2
   d - Repel Missiles                 Charms/Air                   2
   e - Slow                           Hexes                        2
   f - Conjure Flame                  Conjuration/Fire             3
   g - Mephitic Cloud                 Conjuration/Poison/Air       3
Comestibles
 d - a bread ration
 n - 4 fruits


   Skills:
 - Level 0.1 Fighting
 - Level 2.5 Dodging
 + Level 3.0 Stealth
 * Level 6.3 Spellcasting
 * Level 2.4 Conjurations
   Level 1.1 Summonings
 * Level 1.3 Translocations


You had 6 spell levels left.
You knew the following spells:

 Your Spells              Type           Power        Failure   Level  Hunger
a - Magic Dart            Conj           ###.         2%          1    None
b - Blink                 Tloc           N/A          10%         2    None
c - Conjure Flame         Conj/Fire      ##......     17%         3    None
d - Mephitic Cloud        Conj/Pois/Air  ##......     21%         3    None


Dungeon Overview and Level Annotations

Branches:
Dungeon (2/15)

Altars:
Ru

Annotations:
D:2 Crazy Yiuf


Message History

Press: ? - help, Dir - move target cursor, p - Crazy Yiuf The fire roars!
Casting: Conjure Flame
Confirm with . or Enter, or press ? or * to list all spells.
You miscast Blink.
You are very lightly contaminated with residual magic.
The world appears momentarily distorted!
Casting: Blink
Confirm with . or Enter, or press ? or * to list all spells.
You blink.
You see here a mace.
It was a potion of might.
You feel very mighty all of a sudden.
Zapping:
g - a wand of teleportation (will waste charges)
Press: ? - help, Shift-Dir - straight line, f - you You feel strangely unstable.
Evoking this partially-identified wand wasted a few charges.
Crazy Yiuf hits you but does no damage.
Crazy Yiuf hits you with a quarterstaff of chaos.
You die...

#.# #.# ###........# #..
#.####'######..........#
#..
#.##................####
#..
####.################..#
#.. .....# #..# #..
###### #..# #.. # ######
##### #..# #####.. #
##....## ###.g)# #>..
........ #
#....#.####...@.#
....b.......
###.......#..##...#
........
##..#....#.########
r....... .....#######
........ ###### ........
........ ...g...


You could see Crazy Yiuf.

Vanquished Creatures
  Jessica (D:2)
  An orc wizard (D:2)
  2 adders (D:2)
  A gnoll (D:2)
  A worm (D:2)
  4 goblins
  5 hobgoblins
  4 kobolds
  3 quokkas
  2 ball pythons (D:1)
  3 bats
  A giant cockroach (D:2)
28 creatures vanquished.

Notes
Turn   | Place    | Note
--------------------------------------------------------------
     0 | D:1      | Nopony the Deep Elf Wizard began the quest for the Orb.
     0 | D:1      | Reached XP level 1. HP: 10/10 MP: 7/7
   232 | D:1      | Reached XP level 2. HP: 10/15 MP: 2/9
   293 | D:1      | Learned a level 2 spell: Blink
   358 | D:1      | Reached skill level 5 in Spellcasting
   570 | D:2      | Noticed Jessica
   604 | D:2      | Killed Jessica
   604 | D:2      | Reached XP level 3. HP: 13/19 MP: 5/11
   696 | D:2      | Learned a level 3 spell: Conjure Flame
  1692 | D:2      | Found a sacrificial altar of Ru.
  1694 | D:2      | Reached XP level 4. HP: 24/24 MP: 10/13
  1750 | D:2      | Reached skill level 6 in Spellcasting
  1847 | D:2      | Learned a level 3 spell: Mephitic Cloud
  1877 | D:2      | Became a worshipper of Ru the Awakened
  1928 | D:2      | Noticed Crazy Yiuf
  1956 | D:2      | HP: 1/24 [Crazy Yiuf/quarterstaff of chaos (7)]
  1973 | D:2      | Slain by Crazy Yiuf

Vault maps used:
D:1:      zaba_arrival_water
D:2:      nicolae_ru_great_annihilating_truth, uniq_crazy_yiuf_cottage,
          uniq_jessica

Action                   |  1- 3 |  4- 6 || total
-------------------------+-------+-------++-------
 Cast: Magic Dart        |    77 |    26 ||   103
       Blink             |     2 |     2 ||     4
       Conjure Flame     |       |     2 ||     2
Evoke: Wand              |       |     1 ||     1
  Use: Scroll            |     1 |     1 ||     2
       Potion            |       |     1 ||     1
  Eat: Bread ration      |     1 |     1 ||     2
